 Dungeon Crawl Stone Soup version 0.31-a0-325-g067879e3d3 (webtiles) character file.

Game seed: 11598060750709094271

536 Dittersdorf the Shield-Bearer (level 7, -2/44 HPs)
             Began as a Gargoyle Fighter on July 18, 2023.
             Slain by an orc priest
             ... wielding a +0 mace
              (6 damage)
             ... on level 4 of the Dungeon.
             The game lasted 00:04:39 (2562 turns).

Dittersdorf the Shield-Bearer (Gargoyle Fighter)    Turns: 2562, Time: 00:04:39

Health: -2/44      AC: 14    Str: 28    XL:     7   Next: 25%
Magic:  7/7        EV:  9    Int:  8    God:
Gold:   176        SH:  4    Dex:  9    Spells: 6/6 levels left

rFire   . . .        a - +0 flail
rCold   . . .        c - +0 buckler
rNeg    + . .        b - +0 scale mail
rPois   ∞            (no helmet)
rElec   +            o - +0 cloak
rCorr   .            q - +0 pair of gloves
SInv    .            (no boots)
Will    .....        (no amulet) Stlth
                     g - +6 ring of strength
HPRegen 0.27/turn    (no ring)
MPRegen 0.10/turn

%: no passive effects
@: no status effects
A: sickness immunity, AC +4, negative energy resistance 1, electricity
resistance, torment resistance 1, petrification resistance
a: no special abilities


You were on level 4 of the Dungeon.
You visited 1 branch of the dungeon, and saw 4 of its levels.

You collected 176 gold pieces.

Inventory:

Hand Weapons
 a - a +0 flail (weapon)
Missiles
 y - 2 poisoned darts
Armour
 b - a +0 scale mail (worn)
 c - a +0 buckler (worn)
 o - a +0 cloak (worn)
 q - a +0 pair of gloves (worn)
Jewellery
 g - a +6 ring of strength (left hand)
 x - a ring of willpower
Talismans
 l - a talisman of death
Wands
 w - a wand of flame (17)
Scrolls
 h - 2 scrolls of immolation {unknown}
 i - a scroll of blinking {unknown}
 j - 4 scrolls of identify {unknown}
 k - a scroll of enchant weapon {unknown}
 m - 3 scrolls of fear {unknown}
 p - 2 scrolls of fog {unknown}
 r - a scroll of vulnerability {unknown}
 s - a scroll of poison {unknown}
 u - a scroll of teleportation {unknown}
Potions
 d - a potion of might
 e - a potion of enlightenment {unknown}
 f - a potion of attraction {unknown}
 n - a potion of haste {unknown}
 t - a potion of degeneration {unknown}
 v - a potion of brilliance {unknown}


   Skills:
 + Level 5.2 Fighting
 + Level 4.1 Maces & Flails
 + Level 5.2 Armour
 + Level 5.2 Shields


You had 6 spell levels left.
You didn't know any spells.
Your spell library contained the following spells:

 Spells                   Type           Power      Damage    Failure   Level
 Shock                    Conj/Air       0%         1d3       71%         1
 Ensorcelled Hibernation  Hex/Ice        0%         N/A       85%         2
 Passwall                 Tmut/Erth      0%         N/A       85%         2
 Poisonous Vapours        Pois/Air       0%         N/A       85%         2
 Mephitic Cloud           Conj/Pois/Air  0%         N/A       97%         3
 Swiftness                Air            0%         N/A       97%         3
 Tukima's Dance           Hex            0%         N/A       97%         3
 Airstrike                Air            0%         2d(0-16)  100%        4
 Passage of Golubria      Tloc           0%         N/A       100%        4
 Fireball                 Conj/Fire      0%         3d3       100%        5
 Freezing Cloud           Conj/Ice/Air   0%         6-21      100%        5
 Iskenderun's Battlesphe  Conj           0%         2d6       100%        5
 Yara's Violent Unravell  Hex/Tmut       0%         3d3       100%        5
 Conjure Ball Lightning   Conj/Air       0%         3x3d6     100%        6
 Orb of Destruction       Conj           0%         9d5       100%        7


Dungeon Overview and Level Annotations

Branches:
Dungeon (4/15)
 Temple: D:4-7

Altars:
Vehumet
Zin


Innate Abilities, Weirdness & Mutations

You are immune to sickness and miasma.
Your stone body is resilient. (AC +4)
You are immune to poison.
You resist negative energy. (rN+)
You are resistant to electric shocks. (rElec)
You are resistant to unholy torment.
You are immune to petrification.


Message History

You hit the orc wizard but do no damage.
The orc wizard is heavily wounded.
The orc priest barely misses you. The orc wizard casts a spell at you.
The puff of flame misses you.
The orc priest looks braver for a moment.
You sock the orc wizard!
You kill the orc wizard!
The orc hits you but does no damage.
The orc priest hits you but does no damage.
You hit the orc priest.
The orc priest is moderately wounded.
The orc hits you but does no damage. You block the orc priest's attack.
You hit the orc priest but do no damage.
The orc priest is moderately wounded.
The orc hits you with a +0 dagger.
The orc priest invokes the aid of Beogh against you.
Beogh smites you!
* * * LOW HITPOINT WARNING * * *
You closely miss the orc priest.
The orc priest is moderately wounded.
The orc closely misses you. The orc priest barely misses you.
You barely miss the orc priest.
The orc priest is moderately wounded.
You block the orc's attack. The orc priest barely misses you.
The orc priest mumbles some strange prayers to Beogh against you.
You struggle to resist.
The orc hits you but does no damage.
You closely miss the orc priest.
The orc priest is moderately wounded.
The orc priest barely misses you. You block the orc's attack.
You closely miss the orc priest.
The orc priest is moderately wounded.
The orc closely misses you. The orc priest hits you with a +0 mace.
* * * LOW HITPOINT WARNING * * *
You barely miss the orc priest.
The orc priest is moderately wounded.
The orc hits you with a +0 dagger.
* * * LOW HITPOINT WARNING * * *
The orc priest hits you with a +0 mace.
You die...

........#
#........#######
....[.....$.....
................
#8...8..........
...8............
[...............
.......)@.......
#.......oo......
.#..............
#.#.............
#.#............
##.#...........
##)#..........
##.#.########
#'##


You could see an orc priest and an orc.

Vanquished Creatures
  Grinder (D:3)
  Duvessa (D:3)
  Dowan (D:3)
  Terence (D:2)
  An orc wizard (D:4)
  3 gnolls (D:3)
  4 adders
  4 dart slugs
  2 orcs (D:3)
  4 endoplasms
  5 giant cockroaches
  8 goblins
  3 hobgoblins
  8 jackals
  2 kobolds (D:1)
  3 quokkas
  7 ball pythons
  3 bats
  3 frilled lizards
  2 rats (D:3)
66 creatures vanquished.

Notes
Turn   | Place    | Note
-------+----------+-------------------------------------------
     0 | D:1      | Dittersdorf the Gargoyle Fighter began the quest for the
                  | Orb.
     0 | D:1      | Reached XP level 1. HP: 14/14 MP: 1/1
   132 | D:1      | Reached XP level 2. HP: 16/19 MP: 2/2
   477 | D:1      | Reached XP level 3. HP: 21/23 MP: 3/3
   883 | D:2      | Noticed Terence
   891 | D:2      | Killed Terence
   892 | D:2      | Reached XP level 4. HP: 21/29 MP: 4/4
  1485 | D:3      | Reached XP level 5. HP: 31/33 MP: 5/5
  1514 | D:3      | Noticed Grinder
  1555 | D:3      | Paralysed by Grinder for 4 turns
  1564 | D:3      | Paralysed by Grinder for 2 turns
  1579 | D:3      | Paralysed by Grinder for 5 turns
  1585 | D:3      | Killed Grinder
  1586 | D:3      | Reached XP level 6. HP: 9/39 MP: 6/6
  1730 | D:3      | Found a radiant altar of Vehumet.
  2247 | D:3      | Found a glowing silver altar of Zin.
  2289 | D:4      | Noticed Dowan
  2292 | D:4      | Noticed Duvessa
  2350 | D:3      | Killed Duvessa
  2351 | D:3      | Reached skill level 5 in Fighting
  2351 | D:3      | Reached skill level 5 in Armour
  2351 | D:3      | Reached skill level 5 in Shields
  2351 | D:3      | Reached XP level 7. HP: 22/44 MP: 7/7
  2356 | D:3      | Killed Dowan
  2562 | D:4      | Slain by an orc priest

Illustrated notes

Levels and vault maps discovered:
D:1:      ncdulo_smallfort, layout_loops_ring
D:2:      layout_rooms, minmay_misc_feat_pillars, uniq_terence
D:3:      layout_basic, old_standard_altar, zin_scriptorium, uniq_grinder
D:4:      wad_pebble_path, layout_basic, minmay_temple_entry_from_below_a,
          serial_shops, shop, uniq_robin, uniq_duvessa

Skill      XL: |  1  2  3  4  5  6 |
---------------+-------------------+-----
Armour         | 4 5 |  5.2
Shields        | 4 5 |  5.2
Fighting       | 4 5 |  5.2
Maces & Flails | 3 4 |  4.1

Action                     |  1- 3 |  4- 6 |  7- 9 || total
---------------------------+-------+-------+-------++-------
  Melee: Flail             |    84 |   148 |    25 ||   257
  Throw: Dart              |       |     2 |       ||     2
    Use: Potion            |       |     1 |       ||     1
 Armour: Scale mail        |    59 |    82 |    14 ||   155
  Dodge: Dodged            |    39 |    80 |    13 ||   132
  Block: Buckler           |    20 |    33 |     8 ||    61

Table legend: (Time is in decaauts)
 A = Elapsed time spent in this place.
 B = Non-inter-level travel time spent in this place.
 C = Inter-level travel time spent in this place.
 D = Time resting spent in this place.
 E = Time spent auto-exploring this place.
 F = Levels seen in this place.
 G = Mean time per level.
                   A        B        C        D        E       F      G
               +--------+--------+--------+--------+--------+-----+--------+
         Total |   2637 |   2576 |     61 |    441 |   1475 |   4 |  659.2 |
       Dungeon |   2637 |   2576 |     61 |    441 |   1475 |   4 |  659.2 |
               +--------+--------+--------+--------+--------+-----+--------+

Top non-repeatable levels by time:
     D:3: 1115 daAuts
     D:1: 904 daAuts
     D:2: 579 daAuts
     D:4: 38 daAuts
